 Dungeon Crawl Stone Soup version 0.22.1-1-ga44c0e5 (webtiles) character file.

2 MalarOregon the Chiller (level 1, -1/13 HPs)
             Began as a Merfolk Ice Elementalist on Nov 12, 2018.
             Succumbed to a goblin's poison
             ... on level 1 of the Dungeon.
             The game lasted 00:00:55 (92 turns).

MalarOregon the Chiller (Merfolk Ice Elementalist)    Turns: 92, Time: 00:00:55

Health: -1/13      AC:  2    Str:  8    XL:     1   Next: 40%
Magic:  0/3        EV: 13    Int: 14    God:
Gold:   10         SH:  0    Dex: 14    Spells: 3/4 levels left

rFire    . . .     SeeInvis .   (no weapon)
rCold    . . .     Gourm    .   (no shield)
rNeg     . . .     Faith    .   a - +0 robe
rPois    .         Spirit   .   (no helmet)
rElec    .         Reflect  .   (no cloak)
rCorr    .         Harm     .   (no gloves)
MR       .....                  (no boots)
Stlth    ++........             (no amulet)
HPRegen  0.04/turn              (no ring)
MPRegen  0.08/turn              (no ring)

@: lethally poisoned (-1 -> -31)
A: change form in water, swift swim, stealthy swim
a: no special abilities


You were on level 1 of the Dungeon.
You were not hungry.

You visited 1 branch of the dungeon, and saw 1 of its levels.

You collected 10 gold pieces.

Inventory:

Armour
 a - a +0 robe (worn)
Comestibles
 c - a chunk of flesh
 e - a ration {!d}


   Skills:
 + Level 0.3 Fighting
 + Level 2.7 Dodging
 - Level 2.1 Stealth
 + Level 2.0 Spellcasting
   Level 0.7 Conjurations
 + Level 3.3 Ice Magic


You had 3 spell levels left.
You knew the following spells:

 Your Spells              Type           Power        Failure   Level  Hunger
a - Freeze                Ice            ##..         6%          1    ##.....

Your spell library contained the following spells:

 Spells                   Type           Power        Failure   Level  Hunger
 Throw Frost              Conj/Ice       #.....       16%         2    ###....
 Ozocubu's Armour         Chrm/Ice       #.......     34%         3    ####...
 Throw Icicle             Conj/Ice       #.......     71%         4    #####..
 Summon Ice Beast         Ice/Summ       #.......     75%         4    #####..


Dungeon Overview and Level Annotations

Branches:
Dungeon (1/15)

Altars:


Message History

You butcher the rat corpse.
c - a chunk of flesh
There is an open door here.
You see here a whip.
There isn't anything to butcher here.
d - a scroll labeled UHUICU RAUVUNINTO You start resting.
Your magical contamination has completely faded away.
You start resting.
You open the door.
There is an open door here.
Found a smoky yellow potion.
As you read the scroll labeled UHUICU RAUVUNINTO, it crumbles to dust.
You feel strangely unstable.
It was a scroll of teleportation.
A goblin comes into view. It is wielding a club.
A goblin is nearby!
Unknown command.
A bat comes into view.
Your surroundings suddenly seem different.
Found a stone staircase leading down.
A goblin and a dart slug come into view.
The goblin is wielding a dagger of venom.
The goblin closely misses you.
Aim: a dart slug You freeze the dart slug.
The dart slug launches a dart at you. The slug dart misses you.
The goblin hits you with a dagger of venom.
Aim: a dart slug (moderately wounded)
You freeze the dart slug.
The goblin hits you with a dagger of venom.
* * * LOW HITPOINT WARNING * * *
You are lethally poisoned!
The dart slug bites you.
* * * LOW HITPOINT WARNING * * *
Aim: a goblin, wielding a dagger of venom
Okay, then.
It was a potion of heal wounds.
You feel much better.
You feel sick. The goblin hits you but does no damage.
You are more poisoned.
Aim: a goblin, wielding a dagger of venom You freeze the goblin.
You feel sick. The dart slug bites you.
The goblin hits you with a dagger of venom.
* * * LOW HITPOINT WARNING * * *
You are more poisoned.
* * * LOW HITPOINT WARNING * * *
You feel very sick.
* * * LOW HITPOINT WARNING * * *
You feel sick.
You die...

##+# ....#.# ###...
.....# ###.....
.....# ##.......
....# ##.....#'#
###...######....###≈#
#.........##<.### ≈≈≈
#.>.......##.## ≈≈≈≈
#...@.....#### ≈≈≈≈≈
#.........# ######
+.........#
#gw.......#
................#
######..........#
#..........+
#..........#
#...........


You could see a dart slug and a goblin.

Vanquished Creatures
  A goblin (D:1)
  A kobold (D:1)
  A rat (D:1)
3 creatures vanquished.

Notes
Turn   | Place    | Note
-------+----------+-------------------------------------------
     0 | D:1      | MalarOregon the Merfolk Ice Elementalist began the quest
                  | for the Orb.
     0 | D:1      | Reached XP level 1. HP: 13/13 MP: 3/3
    92 | D:1      | Succumbed to a goblin's poison

Action                   || total
-------------------------++-------
Melee: Unarmed           ||     3
 Cast: Freeze            ||     5
  Use: Scroll            ||     1
       Potion            ||     1
Armor: Robe              ||     1
Dodge: Dodged            ||     3
